 Dungeon Crawl Stone Soup version 0.27-a0-1071-ga85bd9520d (console) character file.

Game seed: 10170226880388302419

71 nht the Digger (level 4, 30/30 HPs)
             Began as a Demonspawn Earth Elementalist on Apr 24, 2021.
             Quit the game on level 3 of the Dungeon.
             The game lasted 00:03:14 (2916 turns).

nht the Digger (Demonspawn Earth Elementalist)      Turns: 2916, Time: 00:03:15

Health: 30/30      AC:  2    Str:  8    XL:     4   Next: 5%
Magic:  6/7        EV: 12    Int: 18    God:
Gold:   85         SH:  4    Dex: 13    Spells: 6/7 levels left

rFire    . . .     SeeInvis .   d - +0 long sword
rCold    . . .     Faith    .   (no shield)
rNeg     . . .     Spirit   .   c - +0 robe
rPois    .         Reflect  .   (no helmet)
rElec    .         Harm     .   (no cloak)
rCorr    .         Rampage  .   (no gloves)
Will     .....                  (no boots)
Stlth    ++........             (no amulet)
HPRegen  0.10/turn              (no ring)
MPRegen  0.10/turn              (no ring)

@: no status effects
A: condensation shield
a: no special abilities


You were on level 3 of the Dungeon.
You visited 1 branch of the dungeon, and saw 3 of its levels.

You collected 85 gold pieces.

Inventory:

Hand Weapons
 d - a +0 long sword (weapon)
Missiles
 b - 3 stones
 f - 8 datura-tipped darts
 j - 8 curare-tipped darts
Armour
 c - a +0 robe (worn)
 e - a +0 buckler
Scrolls
 a - a scroll of enchant armour
 g - a scroll of blinking {unknown}
 h - a scroll of teleportation
Potions
 i - a potion of cancellation {unknown}


   Skills:
 - Level 1.7 Dodging
 - Level 1.7 Stealth
 - Level 2.0 Spellcasting
 - Level 0.8 Transmutations
 + Level 4.5 Earth Magic


You had 6 spell levels left.
You knew the following spells:

 Your Spells              Type           Power      Damage    Failure   Level
a - Sandblast             Erth           36%        2d10      2%          1

Your spell library contained the following spells:

 Spells                   Type           Power      Damage    Failure   Level
 Passwall                 Tmut/Erth      9%         N/A       9%          2
 Stone Arrow              Conj/Erth      18%        3d8       22%         3
 Petrify                  Tmut/Erth      11%        N/A       52%         4
 Lee's Rapid Deconstruct  Erth           9%         3d8*      61%         5


Dungeon Overview and Level Annotations

Branches:
Dungeon (3/15)

Altars:


Innate Abilities, Weirdness & Mutations

A meltable shield of frost defends you. (SH +4)


Message History

A ball python comes into view.
The blast of sand hits the ball python!
You kill the ball python!
Done exploring.
Done exploring.
There is an open door here.
There is an open door here.
There is a stone staircase leading down here.
Search for what [Enter for "."]? .
You climb downwards.
A ball python, a jackal, an orc and a dart slug come into view.
Found 23 stones.
Found an escape hatch in the floor.
Found a stone staircase leading up.
There is a stone staircase leading up here.
Unknown command.
There are monsters nearby!
The blast of sand hits the ball python!
You kill the ball python!
The blast of sand hits the orc!
You kill the orc!
The blast of sand hits the dart slug.
The dart slug is lightly wounded.
You miscast Sandblast.
You are very lightly contaminated with residual magic.
Nothing appears to happen.
The jackal bites you.
The blast of sand hits the jackal!
You kill the jackal!
The blast of sand hits the dart slug!
You kill the dart slug!
You have reached level 4!
You feel clever.
Your magical contamination has completely faded away.
HP restored.
Magic restored.
A jackal comes into view.
A jackal is nearby!
The jackal barks!
The blast of sand hits the jackal!
You kill the jackal!
Are you sure you want to abandon this character and quit the game? (Confirm with "yes".) ██████

█.>(.█ ███
█....█ █...
....█ █....
...██
█...†███..████
█.....@......█
...███..)..<†.█
████..........
█........<...
....███████████


████ There were no monsters in sight!

Vanquished Creatures
  An adder (D:2)
  3 dart slugs
  An orc (D:3)
  8 ball pythons
  4 endoplasms
  3 giant cockroaches
  A goblin (D:1)
  6 hobgoblins
  5 jackals
  7 kobolds
  3 quokkas (D:1)
  3 bats (D:1)
  3 frilled lizards
  4 rats
52 creatures vanquished.

Notes
Turn   | Place    | Note
-------+----------+-------------------------------------------
     0 | D:1      | nht the Demonspawn Earth Elementalist began the quest for
                  | the Orb.
     0 | D:1      | Reached XP level 1. HP: 13/13 MP: 3/3
    67 | D:1      | Reached skill level 3 in Earth Magic
   323 | D:1      | Gained mutation: A meltable shield of frost defends you.
                  | (SH +4) [demonic ancestry]
   323 | D:1      | Reached XP level 2. HP: 13/19 MP: 3/5
  1359 | D:1      | Reached XP level 3. HP: 20/24 MP: 0/6
  1753 | D:2      | Reached skill level 4 in Earth Magic
  2847 | D:3      | Reached XP level 4. HP: 29/30 MP: 0/7
  2916 | D:3      | Quit the game

Illustrated notes

Levels and vault maps discovered:
D:1:      dpeg_arrival_shelter, layout_basic, minmay_pentomino_w2
D:2:      wad_pebble_path, layout_basic, kennysheep_generic_room_5
D:3:      layout_rooms, led_xom_imps, serial_shops, shop,
          ebering_ecumenical_altar_rust, ebering_ghost_gozag

Skill      XL: |  1  2  3 |
---------------+----------+-----
Earth Magic    | 3 4 |  4.5
Dodging        | |  1.7
Stealth        | |  1.7
Spellcasting   | |  2.0
Transmutations | |  0.8

Action                   |  1- 3 |  4- 6 || total
-------------------------+-------+-------++-------
Melee: Unarmed           |    14 |       ||    14
Throw: Stone             |     1 |       ||     1
 Cast: Sandblast         |    70 |     1 ||    71
  Use: Scroll            |     7 |       ||     7
Armor: Robe              |     3 |       ||     3
Dodge: Dodged            |    20 |       ||    20
Block: Other             |     8 |       ||     8

Table legend: (Time is in decaauts)
 A = Elapsed time spent in this place.
 B = Non-inter-level travel time spent in this place.
 C = Inter-level travel time spent in this place.
 D = Time resting spent in this place.
 E = Time spent auto-exploring this place.
 F = Levels seen in this place.
 G = Mean time per level.
                   A        B        C        D        E       F      G
               +--------+--------+--------+--------+--------+-----+--------+
         Total |   2915 |   2857 |     58 |      0 |   2582 |   3 |  971.7 |
       Dungeon |   2915 |   2857 |     58 |      0 |   2582 |   3 |  971.7 |
               +--------+--------+--------+--------+--------+-----+--------+

Top non-repeatable levels by time:
     D:1: 1738 daAuts
     D:2: 1101 daAuts
     D:3: 75 daAuts
